 Dungeon Sprint DCSS version 0.30-a0-956-gcec3b41aec (webtiles) character file.

Game seed: 3284419375260272415

9 dialectric the Covert (level 2, -14/15 HPs)
             Began as a Spriggan Brigand on Mar 29, 2023.
             Demolished by a merfolk siren
             ... wielding a +0 spear
              (21 damage)
             ... in the Dungeon (Sprint II: "The Violet Keep of Menkaure").
             The game lasted 00:00:34 (38 turns).

dialectric the Covert (Spriggan Brigand)              Turns: 38, Time: 00:00:34

Health: -14/15     AC:  3    Str:  7    XL:     2   Next: 6%
Magic:  3/3        EV: 16    Int: 12    God:
Gold:   243        SH:  0    Dex: 16    Spells: 1/1 levels left

rFire   . . .      SeeInvis +    a - +2 dagger
rCold   . . .      Faith    .    (no shield)
rNeg    . . .      Spirit   .    b - +0 robe
rPois   .          Reflect  .    (helmet restricted)
rElec   .          Rampage  .    c - +0 cloak
rCorr   .          NoTele   +    (gloves unavailable)
Will    .....                    (boots unavailable)
Stlth   ++++                     (no amulet)
HPRegen 0.22/turn                (no ring)
MPRegen 0.08/turn                (no ring)

@: very quick
A: very small, no large weapons, unfitting armour, see invisible, speed 3
a: no special abilities


You were in the Dungeon.
You visited 1 branch You collected 243 gold pieces.

Inventory:

Hand Weapons
 a - a +2 dagger (weapon)
Missiles
 d - 9 poisoned darts (quivered)
 e - 3 curare-tipped darts
Armour
 b - a +0 robe (worn)
 c - a +0 cloak (worn)
Scrolls
 k - a scroll of blinking
Potions
 f - a potion of curing
 g - a potion of heal wounds
 h - a potion of haste
 i - 2 potions of magic
 j - a potion of berserk rage


   Skills:
 + Level 1.7 Fighting
 + Level 2.7 Short Blades
 - Level 2.4 Throwing
 + Level 1.4 Dodging
 + Level 8.0 Stealth


You had one spell level left.
You didn't know any spells.
Your spell library was empty.

Dungeon Overview and Level Annotations

Branches:
Dungeon (1/1)

Altars:


Innate Abilities, Weirdness & Mutations

You are very small and have problems with some larger weapons.
You are too small for most types of armour.
You have supernaturally acute eyesight. (SInv)
You cover ground extremely quickly. (Speed+++)


Message History

You kill the worm!
Your Stealth skill increases to level 7!
There is an open door here.
You see here 2 poisoned darts.
The helpless worm fails to defend itself.
You skewer the worm like a kebab!!!
You kill the worm!
Your Stealth skill increases to level 8!
You have reached level 2!
d - 8 poisoned darts (gained 2)
There is an open door here.
Found 243 gold pieces.
e - a curare-tipped dart
e - 2 curare-tipped darts (gained 1)
d - 9 poisoned darts (gained 1)
You now have 243 gold pieces.
e - 3 curare-tipped darts (gained 1)
There is an open door here.
There are no items here.
You open the door.
A merfolk siren comes into view. It is wielding a +0 spear.
There is an open door here.
Found 243 gold pieces.
The helpless merfolk siren fails to defend itself.
You skewer the merfolk siren like a kebab!!!
The merfolk siren is almost dead.
The merfolk siren closely misses you.
Unknown command.
You hit the merfolk siren.
The merfolk siren is almost dead.
The merfolk siren closely misses you.
You hit the merfolk siren.
The merfolk siren is almost dead.
The merfolk siren hits you with a +0 spear!
Ouch! That really hurt!
You hit the merfolk siren.
The merfolk siren is almost dead.
The merfolk siren hits you with a +0 spear!!
Ouch! That really hurt!
You die...

##+##
##.$.##
#..#m.#
####..@#
##.###'##
#...##.##
+.##'.<.+
###.##.##
#.###+#
##


You could see a merfolk siren.

Vanquished Creatures
  3 worms (D)
3 creatures vanquished.

Notes
Turn   | Place    | Note
-------+----------+-------------------------------------------
     0 | D        | dialectric the Spriggan Brigand began the quest for the
                  | Orb.
     0 | D        | Reached XP level 1. HP: 10/10 MP: 2/2
    11 | D        | Reached skill level 6 in Stealth
    12 | D        | Reached skill level 7 in Stealth
    15 | D        | Reached skill level 8 in Stealth
    15 | D        | Reached XP level 2. HP: 15/15 MP: 3/3
    32 | D        | Noticed a merfolk siren
    38 | D        | Demolished by a merfolk siren

Illustrated notes

Levels and vault maps discovered:
D:        the_violet_keep_of_menkaure [sprint2_stairs_cluster_1,
          sprint2_shoproom, sprint2_temple, sprint2_basic_supplies,
          sprint2_obstacle_7, sprint2_obstacle_6, sprint2_obstacle_3,
          sprint2_obstacle_2, sprint2_obstacle_5, sprint2_timed_cluster_1,
          sprint2_smallroom_cluster_1, sprint2_smallroom_final_cluster_1,
          sprint2_transparent_cluster_1, sprint2_second_timed_cluster_1,
          sprint2_sniper_area_1, sprint2_heavy_combat_area_1,
          sprint2_mutation_trap_area_1, sprint2_forest_area_1,
          sprint2_light_combat_area_1, sprint2_behind_water_1,
          sprint2_near_end_vault_1]

Skill      XL: |  1 |
---------------+----+-----
Stealth        | 8 |  8.0
Fighting       | |  1.7
Short Blades   | |  2.7
Throwing       | |  2.4
Dodging        | |  1.4

Action                     || total
---------------------------++-------
  Melee: Dagger            ||     7
  Throw: Dart              ||     6
   Stab: Sleeping          ||     2
  Dodge: Dodged            ||     2

Table legend: (Time is in decaauts)
 A = Elapsed time spent in this place.
 B = Non-inter-level travel time spent in this place.
 C = Inter-level travel time spent in this place.
 D = Time resting spent in this place.
 E = Time spent auto-exploring this place.
 F = Levels seen in this place.
 G = Mean time per level.
                   A        B        C        D        E       F      G
               +--------+--------+--------+--------+--------+-----+--------+
         Total |     29 |     29 |      0 |      0 |      0 |   1 |   29.0 |
       Dungeon |     29 |     29 |      0 |      0 |      0 |   1 |   29.0 |
               +--------+--------+--------+--------+--------+-----+--------+

Top non-repeatable levels by time:
       D: 29 daAuts
